AoeStats
← feedmepls9

Four Lakes

507945808Analyzed
1v1 RM · 12d ago on Sep 20, 2026· 21m 13s· 2 players
Game mode
Random Map
Map size
Tiny (2 player)
Population
200
Speed
Normal
Resources
Standard
Victory
Conquest
Starting age
Dark Age
Ending age
Imperial Age
RankedLock teamsTeams togetherTeam positionsShared explorationLock speedFull tech treeHidden civsTurbo modeCheats
Victory
Defeat
🇷🇺 Sicilians · Russia
528
+14
🇷🇺 Franks · Russia
495
-14
feedmepls9
5:42 Loom
10:02 Feudal Age
11:22 Wheelbarrow
11:27 Double-Bit Axe
15:34 Stone Mining
22:28 Castle Age
20:38 Fishing Lines
dogShit
11:15 Feudal Age
11:58 Horse Collar
12:06 Double-Bit Axe
12:18 Fishing Lines
18:03 Scale Mail Armor
18:13 Forging
19:45 Fletching
Connection lost

Rejoining the realm…

Still unreachable

The connection could not be restored.

Session expired

The server has moved on; the page needs a fresh start.